 Dungeon Crawl Stone Soup version 0.29.1-2-gbd0b4ee654 (webtiles) character file.

Game seed: 7080113741254409210

1806 scameronde the Cleaver (level 9, -1/72 (79) HPs)
             Began as a Hill Orc Fighter on Nov 14, 2022.
             Was a Believer of Trog.
             Slain by an ice beast (11 damage)
             ... on level 7 of the Dungeon.
             The game lasted 00:49:47 (6276 turns).

scameronde the Cleaver (Hill Orc Fighter)           Turns: 6276, Time: 00:49:49

HP:   -1/72 (79)    AC: 11    Str: 23    XL:     9   Next: 9%
MP:   9/9           EV:  7    Int:  8    God:    Trog [**....]
Gold: 1004          SH:  5    Dex: 10    Spells: 8/8 levels left

rFire   . . .      SeeInvis .   s - +0 war axe (vamp)
rCold   . . .      Faith    .   c - +0 buckler
rNeg    . . .      Spirit   .   p - +0 chain mail
rPois   .          Reflect  .   (no helmet)
rElec   .          Harm     .   (no cloak)
rCorr   .          Rampage  .   (no gloves)
Will    ++...                   h - +0 pair of boots
Stlth   ..........              (no amulet)
HPRegen 1.22/turn               (no ring)
MPRegen 0.11/turn               (no ring)

@: mighty, strong-willed (expiring), on berserk cooldown, regenerating
(expiring), slowed, drained, very slow
A: no striking features
a: Renounce Religion, Berserk, Trog's Hand


You were on level 7 of the Dungeon.
You worshipped Trog.
Trog was pleased with you.
You visited 2 branches of the dungeon, and saw 8 of its levels.
You also visited: Sewer.

You collected 1179 gold pieces.
You spent 175 gold pieces at shops.

Inventory:

Hand Weapons
 a - a +0 war axe
 s - a +0 vampiric war axe (weapon)
Missiles
 g - 10 boomerangs (quivered)
 n - 33 stones
 o - 11 poisoned darts
 v - 3 throwing nets
Armour
 c - a +0 buckler (worn)
 h - a +0 pair of boots (worn)
 p - a +0 chain mail (worn)
Jewellery
 e - an amulet of faith
Wands
 w - a wand of charming (3)
 y - a wand of acid (12)
Scrolls
 b - a scroll of fear
 k - a scroll of amnesia
 q - 4 scrolls of magic mapping
 t - 2 scrolls of brand weapon {unknown}
 x - a scroll of poison {unknown}
Potions
 d - 2 potions of mutation {unknown}
 f - 3 potions of attraction {unknown}
 i - a potion of magic {unknown}
 l - 2 potions of degeneration {unknown}
 m - 3 potions of curing {unknown}
 r - a potion of might
 u - a potion of haste
 z - a potion of resistance {unknown}


   Skills:
 + Level 7.1 Fighting
 * Level 9.9 Axes
 + Level 6.3 Armour
 + Level 6.6 Shields


You had 8 spell levels left.
You didn't know any spells.
Your spell library contained the following spells:

 Spells                   Type           Power      Damage    Failure   Level
 Gell's Gravitas          Tloc           0%         N/A       100%        3
 Teleport Other           Tloc           0%         N/A       100%        3
 Leda's Liquefaction      Hex/Erth       0%         N/A       100%        4
 Lee's Rapid Deconstruct  Erth           0%         3d5*      100%        5
 Dispersal                Tloc           0%         N/A       100%        6
 Statue Form              Tmut/Erth      0%         N/A       100%        6


Dungeon Overview and Level Annotations

Branches:
Dungeon (7/15)             Temple (1/1) D:4           Sewer (visited)

Altars:
Ashenzari
Cheibriados
Gozag
Kikubaaqudgha
Makhleb
Nemelex Xobeh
Qazlal
Ru
Trog
Uskayaw
Wu Jian
The Shining One

Shops:
D:3 (


Message History

The gnoll hits you from afar with a +2 halberd of pain!
* * * LOW HITPOINT WARNING * * *
The wight hits you but does no damage. You block the wight's attack.
You block the gnoll's attack. The wight hits you but does no damage.
The wight barely misses you.
Okay, then.
You feel much better.
The gnoll hits you from afar with a +2 halberd of pain.
The wight hits you from afar with a +0 spear.
You feel drained. The wight hits you with a +0 dagger.
You feel drained.
You hit the wight but do no damage.
The wight is almost destroyed.
The gnoll hits you from afar with a +2 halberd of pain.
The wight completely misses you. The wight barely misses you.
The gnoll hits you from afar with a +2 halberd of pain!
* * * LOW HITPOINT WARNING * * *
The wight hits you but does no damage. The wight completely misses you.
You slash the wight!
You destroy the wight!
Trog accepts your kill. The gnoll barely misses you.
The wight barely misses you.
The gnoll hits you from afar with a +2 halberd of pain.
* * * LOW HITPOINT WARNING * * *
You writhe in agony.
* * * LOW HITPOINT WARNING * * *
You block the ice beast's attack. The wight hits you but does no damage.
You feel very mighty all of a sudden.
You feel the effects of Trog's Hand fading.
The gnoll barely misses you.
The wight hits you from afar with a +0 spear.
* * * LOW HITPOINT WARNING * * *
You feel drained.
The ice beast hits you but does no damage.
You barely miss the ice beast.
The gnoll hits you from afar with a +2 halberd of pain.
* * * LOW HITPOINT WARNING * * *
The ice beast hits you.
* * * LOW HITPOINT WARNING * * *
The ice beast freezes you!
You die...

...# ### #.....
#.## #.......
###..###......
............
###.......#.#
###.#......##.##
#<..@Yg........#
#..#))z.?.....###
#..##...........#
##........##..?...
##.#....... .....
#.#..##.... ....
##...##..... ...
#...#...... ..
#.... ..#.... #


You could see an ice beast, a wight and a gnoll.

Vanquished Creatures
  Grinder (D:5)
  An ice beast (D:6)
  A sky beast (D:6)
  An ogre (D:5)
  2 phantoms (D:5)
  A kobold brigand (Sewer)
  A gnoll sergeant (D:7)
  A bullfrog (D:7)
  2 scorpions (D:5)
  2 wights (D:7)
  2 howler monkeys
  3 hounds
  2 gnoll boudas
  2 jellies (D:5)
  2 iguanas (D:5)
  3 orc wizards
  14 gnolls
  12 adders
  A river rat (Sewer)
  An ufetubus (D:6)
  4 worms
  7 dart slugs
  9 orcs
  5 bats
  8 endoplasms
  A giant cockroach (D:3)
  8 goblins
  2 hobgoblins
  8 jackals
  4 quokkas
  8 ball pythons
  2 frilled lizards
  13 kobolds
  4 rats
138 creatures vanquished.

Notes
Turn   | Place    | Note
-------+----------+-------------------------------------------
     0 | D:1      | scameronde the Hill Orc Fighter began the quest for the
                  | Orb.
     0 | D:1      | Reached XP level 1. HP: 19/19 MP: 1/1
    55 | D:1      | Reached skill level 3 in Axes
    83 | D:1      | Reached XP level 2. HP: 27/27 MP: 2/2
   225 | D:1      | Found a faded altar of an unknown god.
   339 | D:1      | Reached XP level 3. HP: 27/33 MP: 3/3
   832 | D:2      | Identified a scroll of acquirement
   832 | D:2      | Acquired 720 gold pieces
   881 | D:2      | Reached skill level 4 in Axes
  1071 | D:2      | Reached XP level 4. HP: 39/40 MP: 4/4
  2176 | D:3      | Found a stormy altar of Qazlal.
  2249 | D:3      | Found Ulumoomo's Weapon Emporium.
  2255 | D:3      | Reached XP level 5. HP: 47/47 MP: 5/5
  2266 | D:3      | Bought a +0 vampiric war axe for 175 gold pieces
  2671 | D:4      | Found a staircase to the Ecumenical Temple.
  2680 | Temple   | Entered the Ecumenical Temple
  2694 | Temple   | Became a worshipper of Trog the Wrathful
  2907 | D:4      | Reached skill level 5 in Axes
  3092 | D:4      | Reached XP level 6. HP: 55/55 MP: 6/6
  3295 | D:5      | Entered Level 5 of the Dungeon
  3318 | D:5      | Reached skill level 5 in Fighting
  3328 | D:5      | Reached * piety under Trog
  3497 | D:5      | Reached skill level 6 in Axes
  3694 | D:5      | Reached XP level 7. HP: 61/61 MP: 7/7
  3819 | D:5      | Reached skill level 5 in Shields
  3847 | D:5      | Noticed Grinder
  3863 | D:5      | Paralysed by Grinder for 5 turns
  3877 | D:5      | Killed Grinder
  3878 | D:5      | Reached skill level 7 in Axes
  3878 | D:5      | Reached skill level 5 in Armour
  4016 | D:5      | Reached XP level 8. HP: 36/70 MP: 8/8
  4232 | D:5      | Reached skill level 8 in Axes
  4948 | D:6      | Found a glowing drain.
  4953 | D:6      | Reached ** piety under Trog
  4964 | Sewer    | Entered a sewer
  5281 | Sewer    | Reached skill level 9 in Axes
  6256 | D:7      | Reached XP level 9. HP: 79/79 MP: 9/9
  6276 | D:7      | Slain by an ice beast

Illustrated notes

Levels and vault maps discovered:
D:1:      dpeg_arrival_connections, layout_rooms,
          hellmonk_ecumenical_altar_lost_god, hangedman_glass_teeth,
          hangedman_decor_push
D:2:      minmay_angry_zag, layout_loops_ring, serial_forest,
          infiniplex_forest_end_2, infiniplex_forest_zigzag_2,
          infiniplex_forest_lined_3_way, infiniplex_forest_lined_ring,
          infiniplex_forest_lined_4_way, infiniplex_forest_join,
          infiniplex_forest_lined_2, hangedman_decor_diamond_cutter,
          minmay_diced_spiral
D:3:      layout_basic, mainiacjoe_overflow_24_doors, serial_shops,
          nicolae_shop_bloodbath_and_beyond, nrook_campfire
D:4:      layout_basic, temple_fountains
D:5:      layout_loops_ring, uniq_grinder
D:6:      layout_layer_cave, cheibrodos_sewer_entry_drain
D:7:      layout_cave_pools, chequers_serial_rivers_micro_b
Temple:   compressed_dpeg_triangle_lava_temple

Skill      XL: |  1  2  3  4  5  6  7  8 |
---------------+-------------------------+-----
Axes           | 3 4 5 6 7 9 |  9.9
Fighting       | 4 5 6 7 |  7.1
Shields        | 4 5 6 |  6.6
Armour         | 4 5 6 |  6.3

Action                   |  1- 3 |  4- 6 |  7- 9 || total
-------------------------+-------+-------+-------++-------
Melee: War axe           |    78 |   188 |   246 ||   512
Throw: Boomerang         |     5 |     9 |     7 ||    21
Invok: Berserk           |       |       |     3 ||     3
       Trog's Hand       |       |       |     1 ||     1
  Use: Scroll            |     3 |     5 |     2 ||    10
       Potion            |     1 |       |     8 ||     9
Armor: Scale mail        |    47 |     3 |       ||    50
       Chain mail        |       |    88 |   130 ||   218
Dodge: Dodged            |    37 |    66 |    82 ||   185
Block: Buckler           |    19 |    28 |    65 ||   112
